 Dungeon Crawl Stone Soup version 0.29-a0-334-gb41bcbb86e (webtiles) character file.

Game seed: 6903676276128410333

582 Jortsu the Chopper (level 7, -4/61 HPs)
             Began as a Hill Orc Fighter on Apr 14, 2022.
             Succumbed to a gnoll sergeant's poison
             ... on level 5 of the Dungeon.
             The game lasted 00:04:48 (3432 turns).

Jortsu the Chopper (Hill Orc Fighter)               Turns: 3432, Time: 00:04:48

Health: -4/61      AC: 17    Str: 25    XL:     7   Next: 36%
Magic:  7/7        EV: 12    Int:  6    God:
Gold:   328        SH:  5    Dex: 16    Spells: 6/6 levels left

rFire   . . .      SeeInvis .   a - +0 war axe
rCold   . . .      Faith    .   c - +0 buckler
rNeg    + . .      Spirit   .   e - +8 chain mail "Xeotykun" {rN+ Str+4 Int-2}
rPois   .          Reflect  .   (no helmet)
rElec   .          Harm     .   (no cloak)
rCorr   .          Rampage  .   (no gloves)
Will    .....                   (no boots)
Stlth   ..........              (no amulet)
HPRegen 0.20/turn               p - +4 ring of evasion
MPRegen 0.10/turn               q - +6 ring of dexterity

@: lethally poisoned (-4 -> -28)
A: no striking features
a: no special abilities


You were on level 5 of the Dungeon.
You visited 1 branch of the dungeon, and saw 5 of its levels.

You collected 328 gold pieces.

Inventory:

Hand Weapons
 a - a +0 war axe (weapon)
Armour
 c - a +0 buckler (worn)
 e - the +8 chain mail "Xeotykun" (worn) {rN+ Str+4 Int-2}
   (You found it on level 2 of the Dungeon)

   Str:       It affects your strength (+4).
   Int:       It affects your intelligence (-2).
   rN:        It protects you from negative energy.
Jewellery
 p - a +4 ring of evasion (left hand)
 q - a +6 ring of dexterity (right hand)
Scrolls
 i - a scroll of blinking
 k - 2 scrolls of teleportation
 n - 2 scrolls of immolation
 o - 2 scrolls of identify
Potions
 b - 3 potions of haste
 d - a potion of might
 f - a potion of attraction {unknown}
 g - a potion of curing
 h - a potion of heal wounds {unknown}
 j - 2 potions of flight {unknown}
 l - a potion of lignification {unknown}
 m - a potion of brilliance {unknown}


   Skills:
 + Level 5.0 Fighting
 + Level 7.6 Axes
 + Level 4.7 Armour
 + Level 1.2 Dodging
 + Level 4.3 Shields


You had 6 spell levels left.
You didn't know any spells.
Your spell library contained the following spells:

 Spells                   Type           Power      Damage    Failure   Level
 Animate Skeleton         Necr           0%         N/A       99%         1
 Apportation              Tloc           0%         N/A       99%         1
 Summon Small Mammal      Summ           0%         N/A       99%         1


Dungeon Overview and Level Annotations

Branches:
Dungeon (5/15)
 Temple: D:4-7

Altars:

Shops:
D:1 =   D:4 =


Message History

The gnoll sergeant hits you with a +2 spear of venom.
You are more poisoned.
The gnoll hits you from afar with a +0 spear.
You slash the gnoll sergeant!
The gnoll sergeant is severely wounded.
You feel very sick.
The gnoll sergeant hits you but does no damage.
You are more poisoned.
The gnoll hits you but does no damage.
You closely miss the gnoll sergeant.
The gnoll sergeant is severely wounded.
You feel very sick. The gnoll closely misses you.
You block the gnoll sergeant's attack.
You barely miss the gnoll sergeant.
The gnoll sergeant is severely wounded.
You feel very sick. The gnoll barely misses you.
The gnoll sergeant hits you with a +2 spear of venom.
You are more poisoned.
You hit the gnoll sergeant.
The gnoll sergeant is almost dead.
You feel very sick.
The gnoll sergeant hits you with a +2 spear of venom!
You are lethally poisoned!
The gnoll misses you. You block the gnoll's attack.
The gnoll sergeant hits you with a +2 spear of venom.
You are more poisoned.
You slash the gnoll sergeant!
You kill the gnoll sergeant!
* * * LOW HITPOINT WARNING * * *
You feel extremely sick. The gnoll closely misses you.
Your Fighting skill increases to level 5!
You barely miss the gnoll.
* * * LOW HITPOINT WARNING * * *
You feel extremely sick. The gnoll barely misses you.
The gnoll hits you but does no damage.
You slice the gnoll!!
You kill the gnoll!
You die...

# .. ...
.... .....
.....g####
#......g)@.#
##########.#
........##.#
#######....#
####.#
##########.#
........##.#
#.#.#.#.##.#
........##.#


You could see 2 gnolls.

Vanquished Creatures
  Edmund (D:4)
  A phantom (D:4)
  A gnoll sergeant (D:5)
  A scorpion (D:4)
  3 hounds
  2 iguanas
  2 gnolls
  3 adders
  An ufetubus (D:5)
  2 worms
  4 dart slugs
  2 orcs (D:3)
  2 bats (D:3)
  8 endoplasms
  9 giant cockroaches
  13 goblins
  10 hobgoblins
  3 jackals (D:3)
  6 quokkas
  5 ball pythons
  2 frilled lizards
  9 kobolds
  3 rats
93 creatures vanquished.

Notes
Turn   | Place    | Note
-------+----------+-------------------------------------------
     0 | D:1      | Jortsu the Hill Orc Fighter began the quest for the Orb.
     0 | D:1      | Reached XP level 1. HP: 19/19 MP: 1/1
    37 | D:1      | Reached XP level 2. HP: 26/27 MP: 2/2
   345 | D:1      | Reached skill level 3 in Axes
   354 | D:1      | Reached XP level 3. HP: 33/33 MP: 3/3
   581 | D:1      | Found Ygaivose's One-of-a-Kind Rings.
  1168 | D:2      | Identified the +8 chain mail "Xeotykun" {rN+ Str+4 Int-2}
  1838 | D:3      | Reached XP level 4. HP: 40/40 MP: 4/4
  2027 | D:3      | Reached skill level 4 in Axes
  2364 | D:3      | Reached XP level 5. HP: 31/46 MP: 5/5
  2365 | D:3      | Reached skill level 5 in Axes
  2489 | D:4      | Noticed Edmund
  2496 | D:4      | Killed Edmund
  2497 | D:4      | Reached skill level 6 in Axes
  2497 | D:4      | Reached skill level 1 in Dodging
  2497 | D:4      | Reached XP level 6. HP: 42/53 MP: 6/6
  2887 | D:4      | Reached skill level 7 in Axes
  2887 | D:4      | Reached XP level 7. HP: 60/60 MP: 7/7
  2954 | D:4      | Found Roclush's Jewellery Shop.
  3261 | D:5      | Entered Level 5 of the Dungeon
  3431 | D:5      | Reached skill level 5 in Fighting
  3431 | D:5      | HP: 1/61 [poisoned by a gnoll sergeant]
  3432 | D:5      | Succumbed to a gnoll sergeant's poison

Illustrated notes

Levels and vault maps discovered:
D:1:      dpeg_arrival_round_c, layout_basic, nicolae_shop_unique_rings,
          minmay_circled_x
D:2:      layout_loops_ring
D:3:      layout_basic, cheibrodos_gnoll_hut
D:4:      layout_gridville, serial_shops, shop, minivault_19,
          grunt_ministairs_7, uniq_edmund
D:5:      layout_rooms, serial_co_window_serial, co_window_paths_a,
          co_window_of_opportunity_a, co_window_paths_a, co_window_paths_b,
          co_window_corner_a, co_window_corner_b, co_window_broadway_c,
          co_window_of_opportunity_b, co_window_corner_cb,
          co_window_of_opportunity_b, co_window_paths_c, co_window_2corner,
          co_window_4corner_b, glass_columns_a, glass_columns_b,
          glass_columns_c, glass_columns_b, glass_columns_b, glass_columns_c

Skill      XL: |  1  2  3  4  5  6  7 |
---------------+----------------------+-----
Axes           | 3 4 6 7 |  7.6
Armour         | 4 |  4.7
Fighting       | 4 5 |  5.0
Dodging        | 1 |  1.2
Shields        | 4 |  4.3

Action                   |  1- 3 |  4- 6 |  7- 9 || total
-------------------------+-------+-------+-------++-------
Melee: War axe           |   103 |   118 |    26 ||   247
  Use: Scroll            |     3 |     5 |     2 ||    10
       Potion            |       |     1 |       ||     1
Armor: Scale mail        |    27 |       |       ||    27
       Chain mail        |    15 |    71 |    18 ||   104
Dodge: Dodged            |    44 |    50 |    19 ||   113
Block: Buckler           |    23 |    32 |     6 ||    61

Table legend: (Time is in decaauts)
 A = Elapsed time spent in this place.
 B = Non-inter-level travel time spent in this place.
 C = Inter-level travel time spent in this place.
 D = Time resting spent in this place.
 E = Time spent auto-exploring this place.
 F = Levels seen in this place.
 G = Mean time per level.
                   A        B        C        D        E       F      G
               +--------+--------+--------+--------+--------+-----+--------+
         Total |   3508 |   3422 |     86 |     32 |   2640 |   5 |  701.6 |
       Dungeon |   3508 |   3422 |     86 |     32 |   2640 |   5 |  701.6 |
               +--------+--------+--------+--------+--------+-----+--------+

Top non-repeatable levels by time:
     D:1: 1123 daAuts
     D:4: 784 daAuts
     D:3: 781 daAuts
     D:2: 645 daAuts
     D:5: 173 daAuts
